 Dungeon Crawl Stone Soup version 0.26-a0-30-g56b8cd3df0 (webtiles) character file.

Game seed: 8153121415261504681, levelgen mode: deterministic

15586 gruber the Markscentaur (level 12, -7/106 HPs)
             Began as a Centaur Hunter on June 3, 2020.
             Was the Champion of Okawaru.
             Shot with an arrow by a centaur (10 damage)
             ... on level 12 of the Dungeon.
             The game lasted 00:22:56 (17315 turns).

gruber the Markscentaur (Centaur Hunter)           Turns: 17315, Time: 00:22:57

Health: -7/106     AC:  8    Str: 22    XL:     12   Next: 2%
Magic:  12/12      EV:  9    Int: 10    God:    Okawaru [******]
Gold:   790        SH:  0    Dex: 11    Spells: 11/11 levels left

rFire    . . .     SeeInvis +   a - +1 shortbow
rCold    . . .     Gourm    .   (shield currently unavailable)
rNeg     . . .     Faith    +   c - +0 leather armour
rPois    .         Spirit   .   D - +1 helmet of the Vestibule of Hell {+Fly Str+3}
rElec    .         Reflect  .   (no cloak)
rCorr    +         Harm     .   F - +0 pair of gloves
MR       .....                  (no barding)
Stlth    +.........             t - amulet of faith
HPRegen  0.27/turn              T - ring of resist corrosion
MPRegen  0.13/turn              n - ring of see invisible

@: very quick
A: large, hooves 3, deformed body, speed 2, tough skin 3
a: Heroism, Finesse, Renounce Religion, Evoke Flight


You were on level 12 of the Dungeon.
You worshipped Okawaru.
Okawaru was exalted by your worship.
You were not hungry.

You visited 1 branch of the dungeon, and saw 12 of its levels.

You collected 790 gold pieces.

Inventory:

Hand Weapons
 a - a +1 shortbow (weapon)
 b - a +0 short sword
 E - a +2 dagger of electrocution
 W - the +7 great sword "Utear" {vorpal, rElec rPois Int-2 Dex+5}
   (You found it on level 11 of the Dungeon)

   It inflicts extra damage upon your enemies.
   It affects your intelligence (-2).
   It affects your dexterity (+5).
   It insulates you from electricity.
   It protects you from poison.
Missiles
 d - 81 arrows (quivered)
Armour
 c - a +0 leather armour (worn)
 o - a +0 helmet
 w - the cursed +0 leather armour "Waarycor" {+Inv rN+}
   (You found it on level 4 of the Dungeon)

   It protects you from negative energy.
   It lets you turn invisible.
   It has a curse placed upon it.
 A - the +3 chain mail "Ijaczy" {rElec Str-2 Slay+2}
   (You found it on level 7 of the Dungeon)

   It affects your strength (-2).
   It affects your accuracy and damage with ranged weapons and melee attacks
   (+2).
   It insulates you from electricity.
 D - the +1 helmet of the Vestibule of Hell (worn) {+Fly Str+3}
   (Okawaru gifted it to you on level 10 of the Dungeon)

   It affects your strength (+3).
   It lets you fly.
 F - a +0 pair of gloves (worn)
Jewellery
 n - a ring of see invisible (right hand)
 t - an amulet of faith (around neck)
 B - an uncursed ring of magical power
 G - a cursed amulet of inaccuracy {unknown}
 O - an uncursed amulet of magic regeneration {unknown}
 R - a cursed amulet of inaccuracy {unknown}
 T - a ring of resist corrosion (left hand)
Wands
 u - a wand of flame (13)
 y - a wand of acid (7)
 K - a wand of polymorph (1)
 L - a wand of paralysis (8)
 U - a wand of clouds (5)
 V - a wand of digging (6)
Scrolls
 e - 3 scrolls of magic mapping {unknown}
 g - 3 scrolls of enchant weapon {unknown}
 i - 3 scrolls of enchant armour {unknown}
 j - 2 scrolls of remove curse
 l - 6 scrolls of noise {unknown}
 m - 2 scrolls of amnesia {unknown}
 p - 4 scrolls of teleportation {unknown}
 x - a scroll of torment {unknown}
 C - a scroll of holy word {unknown}
 J - 4 scrolls of fog {unknown}
 N - 2 scrolls of immolation {unknown}
 Q - 4 scrolls of identify
 S - a scroll of blinking {unknown}
Potions
 h - a potion of berserk rage
 k - a potion of heal wounds
 r - 4 potions of flight
 s - 6 potions of curing
 v - 3 potions of might
 z - a potion of lignification {unknown}
 H - 2 potions of brilliance {unknown}
 I - 2 potions of haste {unknown}
 M - a potion of magic {unknown}
 P - a potion of stabbing {unknown}
Comestibles
 f - 18 rations
 q - 5 chunks of flesh


   Skills:
 - Level 10.1 Fighting
 - Level 19.0 Bows
 * Level 5.3 Armour
 - Level 1.3 Dodging
 - Level 0.4 Stealth


You had 11 spell levels left.
You didn't know any spells.
Your spell library was empty.

Dungeon Overview and Level Annotations

Branches:
Dungeon (12/15)            Temple (0/1) D:4            Lair (0/6) D:11
    Orc (0/2) D:11

Altars:
Hepliaklqana
Kikubaaqudgha
Makhleb
Okawaru
Trog
Uskayaw
Xom

Annotations:
D:2 1 runed translucent door, Crazy Yiuf
D:12 Rupert


Innate Abilities, Weirdness & Mutations

You have hooves in place of feet.
Armour fits poorly on your strangely shaped body.
You cover ground very quickly.
You have extremely tough skin. (AC +3)


Message History

You see here an arrow.
The centaur shoots an arrow.
The arrow closely misses you.
Rupert rages.
The centaur shoots an arrow.
The arrow barely misses you.
You see here an arrow.
The centaur shoots an arrow.
The arrow hits you!
* * * LOW HITPOINT WARNING * * *
You see here an arrow.
The centaur shoots an arrow.
The arrow barely misses you.
You see here an arrow.
The centaur shoots an arrow.
The arrow hits you!
* * * LOW HITPOINT WARNING * * *
You see here an arrow.
There is a stone staircase leading down here.
Rupert is no longer berserk.
Rupert yells loudly at you.
You struggle to resist.
The centaur shoots an arrow.
The arrow hits you.
* * * LOW HITPOINT WARNING * * *
The centaur shoots an arrow.
The arrow hits you!
You die...

#.# #.# #.# #.# #.#
#.# #.# #.# #.# #.#
#÷# #.# #.# #(# #.#
########## #.######
#.# #.......@#
#......# #.#
#.......@# #.####.#
#÷# #.......(# #(#
#.# #.# #.......r#
#.# #.# #.#
#.......(# #(####.#
##.# #.......(#
#......# ...#
#......[.# #..#####
...# #...c...(#
#.....# ...#
#.......(#####.###.#


You could see Rupert (slow), a centaur and a quokka.

Vanquished Creatures
  Harold (D:10)
  A two-headed ogre (D:10)
  3 ugly things
  Maurice (D:8)
  A kobold demonologist (D:12)
  A komodo dragon (D:11)
  4 trolls
  Grinder (D:3)
  6 slime creatures (D:12)
  2 hippogriffs
  A centaur simulacrum (D:12)
  A wraith (D:12)
  3 wyverns
  10 yaks
  Eustachio (D:5)
  2 hungry ghosts (D:8)
  A steam dragon (D:8)
  Menkaure (D:4)
  Edmund (D:5)
  A soldier ant (D:11)
  Duvessa (D:4)
  A hornet zombie (D:11)
  9 orc warriors
  4 sky beasts
  2 black bears
  A phantom (D:8)
  4 centaurs
  4 ice beasts
  2 eyes of draining (D:9)
  4 ogres
  4 big kobolds
  11 bullfrogs
  Dowan (D:4)
  3 scorpions
  6 killer bees (D:7)
  5 wights (D:7)
  4 crimson imps
  A howler monkey (D:10)
  2 bullfrog zombies
  4 jellies
  4 hounds
  2 bullfrog skeletons
  12 orc priests
  16 orc wizards
  A centaur skeleton (D:9)
  9 worker ants
  3 iguanas
  A killer bee zombie (D:9)
  A hound zombie (D:9)
  2 worker ant zombies
  A howler monkey skeleton (D:7)
  Robin (D:3)
  11 adders
  2 shadow imps
  An adder zombie (D:7)
  An adder skeleton (D:10)
  2 worms
  3 dart slugs
  8 leopard geckos
  65 orcs
  5 giant cockroaches
  13 hobgoblins
  26 jackals
  4 quokkas
  A ball python (D:4)
  11 bats
  6 frilled lizards
  8 goblins
  23 kobolds
  A quokka skeleton (D:6)
  A quokka zombie (D:7)
  8 rats
369 creatures vanquished.

Vanquished Creatures (others)
  3 plants (D:11)
3 creatures vanquished.

Grand Total: 372 creatures vanquished

Notes
Turn   | Place    | Note
-------+----------+-------------------------------------------
     0 | D:1      | gruber the Centaur Hunter began the quest for the Orb.
     0 | D:1      | Reached XP level 1. HP: 17/17 MP: 1/1
   116 | D:1      | Reached XP level 2. HP: 24/24 MP: 2/2
   153 | D:1      | Reached skill level 6 in Bows
   599 | D:1      | Reached XP level 3. HP: 14/29 MP: 3/3
  1082 | D:2      | Found an ancient bone altar of Kikubaaqudgha.
  1206 | D:2      | Found a burning altar of Makhleb.
  1332 | D:2      | Reached skill level 7 in Bows
  1460 | D:2      | Found a runed translucent door.
  1461 | D:2      | Noticed Crazy Yiuf
  1508 | D:2      | Found a faded altar of an unknown god.
  1872 | D:2      | Found a hide-covered altar of Uskayaw.
  1874 | D:2      | Found an iron altar of Okawaru.
  2531 | D:3      | Reached XP level 4. HP: 25/36 MP: 4/4
  2681 | D:2      | Found a hazy altar of Hepliaklqana.
  2689 | D:2      | Became a worshipper of Warmaster Okawaru
  2773 | D:3      | Reached skill level 8 in Bows
  3083 | D:3      | Noticed Grinder
  3085 | D:3      | Paralysed by Grinder for 3 turns
  3091 | D:3      | Killed Grinder
  3091 | D:3      | Reached * piety under Okawaru
  3091 | D:3      | Reached skill level 9 in Bows
  3091 | D:3      | Reached XP level 5. HP: 19/41 MP: 5/5
  3091 | D:3      | Reached XP level 6. HP: 23/48 MP: 6/6
  3303 | D:3      | Found a bloodstained altar of Trog.
  3303 | D:3      | Found a shimmering altar of Xom.
  3370 | D:3      | Reached skill level 10 in Bows
  3397 | D:3      | Noticed Robin
  3410 | D:3      | Killed Robin
  3785 | D:4      | Noticed Menkaure
  3821 | D:4      | Killed Menkaure
  3821 | D:4      | Reached ** piety under Okawaru
  3821 | D:4      | Reached XP level 7. HP: 29/55 MP: 7/7
  4044 | D:4      | Found a staircase to the Ecumenical Temple.
  4110 | D:4      | Reached skill level 11 in Bows
  4596 | D:4      | Noticed Dowan
  4596 | D:4      | Noticed Duvessa
  4615 | D:4      | Killed Duvessa
  4615 | D:4      | Reached skill level 12 in Bows
  4635 | D:4      | Killed Dowan
  4635 | D:4      | Reached *** piety under Okawaru
  4702 | D:4      | Got a heavily runed leather armour
  4703 | D:4      | Identified the cursed +0 leather armour "Waarycor" {+Inv
                  | rN+} (You found it on level 4 of the Dungeon)
  5106 | D:5      | Entered Level 5 of the Dungeon
  5216 | D:5      | Noticed Edmund
  5282 | D:5      | Killed Edmund
  5282 | D:5      | Reached XP level 8. HP: 66/66 MP: 8/8
  5378 | D:5      | Noticed Eustachio
  5387 | D:5      | Killed Eustachio
  5518 | D:5      | Reached skill level 5 in Fighting
  6525 | D:6      | Reached **** piety under Okawaru
  6621 | D:6      | Noticed a gargoyle
  7155 | D:6      | Reached XP level 9. HP: 76/81 MP: 9/9
  7373 | D:5      | HP: 4/81 [hound (2)]
  7789 | D:7      | Got a scorched chain mail
  7790 | D:7      | Identified the +3 chain mail "Ijaczy" {rElec Str-2 Slay+2}
                  | (You found it on level 7 of the Dungeon)
  8134 | D:7      | Reached skill level 10 in Fighting
  8288 | D:7      | Reached ***** piety under Okawaru
  8866 | D:7      | Reached skill level 13 in Bows
  9206 | D:7      | Reached skill level 14 in Bows
  9206 | D:7      | Reached XP level 10. HP: 79/93 MP: 10/10
  9343 | D:7      | Received a gift from Okawaru
 10017 | D:8      | Noticed Maurice
 10058 | D:8      | Killed Maurice
 10116 | D:8      | Reached skill level 15 in Bows
 11083 | D:9      | Reached skill level 16 in Bows
 11910 | D:9      | Received a gift from Okawaru
 12401 | D:10     | Entered Level 10 of the Dungeon
 12727 | D:10     | Received a gift from Okawaru
 12730 | D:10     | Got a pitted helmet {god gift}
 12782 | D:10     | Reached skill level 17 in Bows
 12811 | D:9      | Identified the +1 helmet of the Vestibule of Hell {+Fly
                  | Str+3} (Okawaru gifted it to you on level 10 of the
                  | Dungeon)
 13287 | D:10     | Reached XP level 11. HP: 99/99 MP: 11/11
 13437 | D:10     | Noticed Harold
 13989 | D:10     | Noticed a two-headed ogre
 13993 | D:10     | Killed Harold
 13993 | D:10     | Reached skill level 18 in Bows
 14040 | D:10     | Killed a two-headed ogre
 14951 | D:11     | Noticed a red ugly thing
 14960 | D:11     | Killed a red ugly thing
 15089 | D:11     | Found a staircase to the Lair.
 15253 | D:11     | Received a gift from Okawaru
 15400 | D:11     | Found a staircase to the Orcish Mines.
 15452 | D:11     | Reached skill level 19 in Bows
 15632 | D:11     | Reached skill level 1 in Armour
 15758 | D:11     | Got a smoking great sword
 15759 | D:11     | Identified the +7 great sword "Utear" {vorpal, rElec rPois
                  | Int-2 Dex+5} (You found it on level 11 of the Dungeon)
 16384 | D:12     | Received a gift from Okawaru
 16505 | D:12     | Received a gift from Okawaru
 16505 | D:12     | Reached ****** piety under Okawaru
 16569 | D:12     | Noticed a sun demon
 16720 | D:12     | Noticed a brown ugly thing
 16741 | D:12     | Killed a brown ugly thing
 16741 | D:12     | Received a gift from Okawaru
 16824 | D:12     | Noticed a green ugly thing
 16853 | D:12     | Killed a green ugly thing
 16988 | D:12     | Reached skill level 5 in Armour
 17012 | D:12     | Reached XP level 12. HP: 106/106 MP: 12/12
 17150 | D:12     | Noticed Rupert
 17188 | D:12     | Paralysed by Rupert for 3 turns
 17299 | D:12     | HP: 5/106 [Rupert/+1 vorpal great mace (9)]
 17315 | D:12     | HP: 3/106 [centaur/arrow (4)]
 17315 | D:12     | Shot with an arrow by a centaur

Illustrated notes

Levels and vault maps discovered:
D:1:      lightli_arrival_statue_moat, layout_basic, hangedman_feature_mirror
D:2:      layout_loops_ring, lemuel_doored_altar,
          nicolae_overflow_hidden_temple, chequers_ecumenical_altar_simple,
          uniq_crazy_yiuf_cottage
D:3:      layout_loops_ring, gammafunk_temple_overflow_elements, first_ration,
          uniq_robin, uniq_grinder
D:4:      layout_basic, minmay_temple_entry_sparse_star, uniq_duvessa,
          uniq_menkaure
D:5:      layout_rooms, uniq_edmund, uniq_eustachio
D:6:      layout_loops_ring
D:7:      layout_loops_corners, minmay_checkerbox
D:8:      layout_basic, uniq_maurice
D:9:      layout_cave_pools, special_room [special_room_orc]
D:10:     layout_rooms, uniq_harold
D:11:     layout_gridville, david_lair_shrubbed, orc_0_dummy
D:12:     lemuel_ice_spiral_2, layout_basic, uniq_rupert

Skill      XL: |  1  2  3  4  5  6  7  8  9 10 11 |
---------------+----------------------------------+-----
Bows           | 6 7 9 10 12 14 17 19 | 19.0
Fighting       | 4 8 10 | 10.1
Armour         | 5 |  5.3
Dodging        | |  1.3
Stealth        | |  0.4

Action                   |  1- 3 |  4- 6 |  7- 9 | 10-12 || total
-------------------------+-------+-------+-------+-------++-------
Melee: Short sword       |   166 |     7 |     4 |       ||   177
       Kick              |    14 |     2 |     1 |    14 ||    31
       Dagger            |       |       |       |    72 ||    72
       Unarmed           |       |       |       |    12 ||    12
 Fire: Shortbow          |    33 |   120 |   516 |   848 ||  1517
Invok: Heroism           |       |       |     4 |    10 ||    14
       Finesse           |       |       |       |     1 ||     1
Evoke: Wand              |       |       |       |     5 ||     5
  Use: Scroll            |     3 |       |     4 |     1 ||     8
       Potion            |       |     1 |       |     1 ||     2
 Stab: Confused          |       |       |       |     2 ||     2
       Paralysed         |       |       |       |     1 ||     1
  Eat: Chunk             |     4 |     3 |    14 |    20 ||    41
Armor: Leather armour    |    97 |    18 |    33 |    74 ||   222
       Skin              |       |       |       |     1 ||     1
Dodge: Dodged            |   113 |    27 |    51 |   149 ||   340

Table legend:
 A = Non-vault XP
 B = Vault XP
 C = Vault XP percentage of total XP
 D = Non-vault monster count
 E = Vault monster count
 F = Vault count percentage of total count
                 A         B        C        D         E       F
            +---------+---------+-------+---------+---------+-------
      Total |   18587 |    3680 |  16.5 |     324 |      45 |  12.2
            +---------+---------+-------+---------+---------+-------
        D:1 |      53 |       0 |   0.0 |      31 |       0 |   0.0
        D:2 |      27 |       0 |   0.0 |      16 |       0 |   0.0
        D:3 |     122 |     307 |  71.6 |      30 |       8 |  21.1
        D:4 |     397 |     402 |  50.3 |      20 |       3 |  13.0
        D:5 |     374 |     359 |  49.0 |       9 |       2 |  18.2
        D:6 |     888 |       0 |   0.0 |      28 |       0 |   0.0
        D:7 |    2568 |     250 |   8.9 |      50 |       4 |   7.4
        D:8 |    1724 |     508 |  22.8 |      23 |       1 |   4.2
        D:9 |    1790 |     517 |  22.4 |      33 |      25 |  43.1
       D:10 |    3583 |     976 |  21.4 |      42 |       1 |   2.3
       D:11 |    2138 |     361 |  14.4 |      23 |       1 |   4.2
       D:12 |    4923 |       0 |   0.0 |      19 |       0 |   0.0
            +---------+---------+-------+---------+---------+-------
